Hehehehehe, neutral male scurrid Tourist ------------------------ |......................| |..-------------------.| ----.| ----- |.| |..|.-- --...| |.| |.....|--|..`.| |.| |.....|..|....| |.| --....|.....`-- |.| |.......|...| ------|.| |....|..|...| --|$$$$$|@| |....---|...| |.+$$%$$|.| |.......|..-- |-|$$$$%|%| ----....|.-- |.+$%((.-D| ---.--.| |-|$$$.%|-- |.....| |.+$$$/$| |>.|..| --|$$$$$| ------- ------- Hehehehehe the Excursionist Experience level: 9 Strength: 12 Dexterity: 16 Constitution: 13 Intelligence: 13 Wisdom: 10 Charisma: 17 Health: 0(55) Energy: 38(38) Def: 13 Gold: 461 Moves: 8707 Dungeon seed: PaOcgcKXzAqk3bl7 Game ID: Hehehehehe_1527009650 Your Inventory: Coins $ - 461 gold pieces Weapons a - a blessed +0 trident (weapon in paw) D - 19 uncursed +2 darts Armor e - an uncursed +0 Hawaiian shirt (being worn) k - an uncursed +0 dwarvish mithril-coat (being worn) r - an uncursed +0 pair of leather gloves (being worn) s - a cursed +0 small shield (being worn) y - a blessed +0 pair of speed boots (being worn) A - an uncursed +0 dwarvish iron helm (being worn) Comestibles z - 2 uncursed food rations Scrolls W - an uncursed scroll of identify Potions X - an uncursed potion of full healing Rings g - a cursed ring of sustain ability i - a cursed ring of hunger G - an uncursed ring of regeneration V - a cursed -2 ring of stealth Wands j - a cursed wand of lightning (0:0) p - an uncursed wand of secret door detection (0:12) u - a cursed wand of undead turning (0:4) x - an uncursed wand of opening (0:2) E - an uncursed wand of enlightenment (0:12) F - an uncursed wand of enlightenment (0:13) H - an uncursed wand of undead turning (0:6) J - an uncursed wand of cold (0:2) K - a blessed wand of nothing (0:6) M - a cursed wand of nothing (0:6) O - an uncursed wand of lightning (0:4) Q - an uncursed wand of sleep (0:7) T - an uncursed wand of secret door detection (0:13) Y - an uncursed wand of nothing (0:6) Tools b - an uncursed sack c - an uncursed stethoscope l - an uncursed bag of tricks (0:4) n - an uncursed expensive camera (0:78) o - an uncursed credit card P - an uncursed +0 unicorn horn Gems q - an uncursed worthless piece of yellowish brown glass N - an uncursed worthless piece of yellow glass Z - an uncursed worthless piece of blue glass Contents of the sack: a [cursed] scroll of blank paper a [uncursed] scroll of earth a [cursed] scroll of earth a [cursed] scroll of enchant armor a [uncursed] scroll of gold detection a [cursed] scroll of identify a [uncursed] scroll of identify a blessed scroll of magic mapping a [cursed] scroll of stinking cloud Spells and supernatural/magical abilities: Name Level Category Fail Memory m - magic missile 2 attack 100% 91% W - pray for help -- divine ? -- Your skills at the end: Miscellaneous Skills shield [Basic] wands [Basic] stealth [Basic] Weapon Skills dagger [Basic] broadsword [Basic] trident [Basic] dart [Skilled] Spellcasting Skills Final Attributes: You were devoutly aligned. You were poison resistant. Your writing paw was thoroughly cramped from overuse. You had infravision. You were very stealthy. You could teleport. You were protected. You were very fast. You are dead. Vanquished creatures: 2 giant mimics a large mimic a water demon a small mimic a flaming sphere a tengu an ochre jelly a leocrotta an elf mummy a human mummy an ettin zombie 2 leprechauns an orc-captain a mumak a vampire bat a forest centaur 4 ogres a brown pudding an owlbear a dog a dingo 2 jaguars a dwarf lord a white unicorn a gnome mummy a bugbear 2 imps 2 wood nymphs 4 Uruk-hai 2 fog clouds a gnomish wizard 2 guardian naga hatchlings a gray ooze 4 elf zombies a straw golem 2 giant ants 3 floating eyes 10 dwarves a quasit 2 iguanas 4 hill orcs a rothe 2 centipedes a jitterbug 7 giant bats 2 orc zombies 4 dwarf zombies 2 wererats 8 killer bees a coyote a hobbit 2 acid blobs a gecko a hobgoblin 9 giant rats 8 cave spiders a brown mold 2 green molds 2 red molds 9 gnomes 2 garter snakes 2 manes 2 gnome zombies 4 jackals a fox 2 kobolds 7 newts 3 goblins 3 sewer rats 5 grid bugs 3 lichens 2 kobold zombies 173 creatures vanquished. Voluntary challenges: You did not adorn yourself with jewelry or accessories. You did not cause conflict. You were not invisible. You did not have reflection. You were not displaced. You had been an atheist until turn 2108. You used a wielded weapon 238 times, starting on turn 324. You did not apply a unicorn horn. You did not use plumbed fixtures. You read items or engraved 28 times, starting on turn 362. You never genocided any monsters. You never polymorphed an object. You never changed form. You completed Sokoban on turn 8676, according to the rules. You used no wishes. You never split a pudding. You wrote Elbereth's name 3 times, starting on turn 2294. You violated your moral code, losing 1 point of alignment, starting on turn 1537. Dungeon overview: The Dungeons of Doom: levels 1 to 10 Level 1 some fountains a long staircase Level 2 a fountain Level 3 Level 4 some fountains, a sink stairs to The Gnomish Mines Level 5 a sink Level 6 Level 7 a fountain Level 8 (corpse) some fountains Level 9 stairs to Sokoban Level 10 The Gnomish Mines: levels 5 to 8 Level 5 stairs to The Dungeons of Doom Level 6 Level 7 Level 8 some shops, some altars to Blind Io and The Lady, a magic chest, some fountains Sokoban: levels 5 to 8 Level 5 <- You were here a magic chest Level 6 a delicatessen, a magic chest Level 7 a fountain Level 8 a magic chest stairs to The Dungeons of Doom History has recorded: On T:1 you entered the Dungeons of Doom to retrieve the Amulet of Yendor! On T:420 you reached level 2 of The Dungeons of Doom. On T:625 you advanced to experience level 2. On T:856 you reached level 3 of The Dungeons of Doom. On T:919 you advanced to experience level 3. On T:1129 you reached level 4 of The Dungeons of Doom. On T:1239 you reached level 5 of The Dungeons of Doom. On T:1448 you advanced to experience level 4. On T:1675 you reached level 6 of The Dungeons of Doom. On T:1711 you reached level 7 of The Dungeons of Doom. On T:1797 you reached level 1 of The Gnomish Mines. On T:1878 you reached level 2 of The Gnomish Mines. On T:1914 you advanced to experience level 5. On T:1978 you reached level 3 of The Gnomish Mines. On T:1991 you reached level 4 of The Gnomish Mines. On T:2078 you advanced to experience level 6. On T:2089 you entered the Minetown temple On T:2239 you opened a magic chest. On T:3270 you advanced to experience level 7. On T:3853 you received Quickpick from The Lady. On T:5404 you reached level 8 of The Dungeons of Doom. On T:5563 you reached level 9 of The Dungeons of Doom. On T:5810 you reached level 10 of The Dungeons of Doom. On T:5966 you advanced to experience level 8. On T:6759 you reached level 4 of Sokoban. On T:7046 you reached level 3 of Sokoban. On T:7631 you reached level 2 of Sokoban. On T:8034 you reached level 1 of Sokoban. On T:8676 you advanced to experience level 9. On T:8676 you entered the Sokoban zoo. Score breakdown: Gold: 218 ( 21 points) Experience: 9 levels ( 800 points) Exploration: 10 levels ( 270 points) Discoveries: 37 items ( 1850 points) Variety of kills: 72 monsters ( 2000 points) Major goal: finished Sokoban ( 1000 points) Survival: died (score multiplied by 3) Total score: 17823 Latest messages: The giant rat misses the hobgoblin. The forest centaur zaps a wand of polymorph! The gecko shudders! The forest centaur is killed! The hobgoblin picks up 28 gold pieces. The hobgoblin punches the giant rat. The giant rat misses the hobgoblin. The ancient white dragon breathes frost! The blast of frost whizzes by you! The blast of frost bounces! The blast of frost hits you! The blast of frost hits the ancient white dragon. The blast of frost hits the water troll! The giant rat misses the hobgoblin. You see here an egg. You hear some noises in the distance. X - a potion of full healing. The ancient white dragon breathes frost! The blast of frost hits you! You die... Final status: Aloha Hehehehehe the Tourist, killed by a blast of frost... You died in Sokoban on dungeon level 5 with 17823 points, and 461 pieces of gold, after 8707 moves. You were level 9 with a maximum of 55 hit points when you died.